 Dungeon Crawl Stone Soup version 0.23-a0-839-g6d2b917 (console) character file.

266 bli the Slasher (level 6, -1/48 HPs)
             Began as a Barachi Fighter on Jan 25, 2019.
             Slain by Grinder (5 damage)
             ... while paralysed by Grinder
             ... on level 3 of the Dungeon.
             The game lasted 00:11:05 (2269 turns).

bli the Slasher (Barachi Fighter)                   Turns: 2269, Time: 00:11:05

Health: -1/48      AC: 14    Str: 19    XL:     6   Next: 20%
Magic:  6/6        EV:  2    Int:  9    God:
Gold:   161        SH:  0    Dex: 11    Spells: 5/5 levels left

rFire    . . .     SeeInvis .   a - +0 long sword
rCold    . . .     Gourm    .   B - +0 shield (curse)
rNeg     . . .     Faith    .   z - +0 chain mail (curse)
rPois    .         Spirit   .   A - +0 helmet
rElec    .         Reflect  .   y - +1 cloak
rCorr    .         Harm     .   h - +0 pair of gloves
MR       .....                  (no boots)
Stlth    ..........             E - amulet of rage
HPRegen  0.16/turn              (no ring)
MPRegen  0.10/turn              (no ring)

@: paralysed, slow
A: +LOS, swims, slowness 1, strong legs 1
a: Hop, Evoke Berserk Rage


You were on level 3 of the Dungeon.
You were not hungry.

You visited 1 branch of the dungeon, and saw 3 of its levels.

You collected 161 gold pieces.

Inventory:

Hand Weapons
 a - a +0 long sword (weapon)
 D - a +0 dagger of distortion
 F - a +0 falchion
Missiles
 i - 60 stones (quivered)
 j - 12 poisoned needles
 q - 91 sling bullets
Armour
 b - a +0 scale mail
 c - a +0 shield
 h - a +0 pair of gloves (worn)
 m - a +0 buckler
 o - a +0 crystal plate armour
 y - a +1 cloak (worn)
 z - a cursed +0 chain mail (worn)
 A - a +0 helmet (worn)
 B - a cursed +0 shield (worn)
 C - a +0 shield
Jewellery
 E - an amulet of rage (around neck)
Wands
 g - a wand of random effects (15)
Scrolls
 e - 2 scrolls of teleportation
 k - 2 scrolls of remove curse {unknown}
 r - a scroll of magic mapping {unknown}
 s - a scroll of enchant weapon {unknown}
 t - 3 scrolls of identify
 w - 4 scrolls of amnesia {unknown}
Potions
 d - a potion of might
 l - a potion of flight
 n - a potion of curing
 p - a potion of agility
 v - a potion of haste {unknown}
 x - a potion of lignification {unknown}
Comestibles
 f - 4 rations


   Skills:
 + Level 4.1 Fighting
 * Level 5.5 Long Blades
 + Level 5.3 Armour
 + Level 4.1 Shields


You had 5 spell levels left.
You didn't know any spells.
Your spell library was empty.

Dungeon Overview and Level Annotations

Branches:
Dungeon (3/15)

Altars:

Annotations:
D:3 Grinder


Innate Abilities, Weirdness & Mutations

Shadows flee at your approach. (+LOS)
You can swim through water.
You cover ground slowly.
You can hop short distances.


Message History

You throw a stone. The stone hits Grinder.
Grinder is moderately wounded.
You closely miss Grinder.
Grinder is moderately wounded.
You feel yourself speed up. Grinder gestures at you.
Pain shoots through your body!
* * * LOW HITPOINT WARNING * * *
Grinder gestures at you.
You suddenly lose the ability to move!
Grinder hits you but does no damage. Grinder gestures at you.
Pain shoots through your body!
* * * LOW HITPOINT WARNING * * *
Grinder hits you but does no damage.
Grinder says, "Mostly I couldn't keep them alive."
Grinder hits you but does no damage. Grinder completely misses you.
Grinder hits you.
You die...

###### #....# ## #######....# ..
.#......# #....##....# ...
'......# #####....##....####
....#..$...# #.@......##....##..
....#......####5###....##....##.#
#......>.....(.......)..........
##...............................
...........(......###########...
..#..............# ##..
#..##.#'#..######## ####### ##.
#..........# #.....# #.
#####.##.#'## ##### #.....# #.
......##....# #)^.# #.....####.
$(..[o.'....# #...# #........).


You could see Grinder.

Vanquished Creatures
  Crazy Yiuf (D:3)
  Jessica (D:3)
  An iguana (D:3)
  An orc wizard (D:3)
  4 gnolls (D:2)
  5 adders
  2 dart slugs
  6 leopard geckos
  6 orcs (D:3)
  A ball python (D:2)
  5 bats
  5 giant cockroaches
  3 goblins
  3 hobgoblins
  2 jackals (D:2)
  2 quokkas
  5 frilled lizards
  8 kobolds
  9 rats
70 creatures vanquished.

Notes
Turn   | Place    | Note
-------+----------+-------------------------------------------
     0 | D:1      | bli the Barachi Fighter began the quest for the Orb.
     0 | D:1      | Reached XP level 1. HP: 18/18 MP: 1/1
   113 | D:1      | Reached XP level 2. HP: 22/25 MP: 2/2
   620 | D:1      | Reached XP level 3. HP: 8/30 MP: 3/3
   959 | D:2      | Reached XP level 4. HP: 15/37 MP: 4/4
  1379 | D:2      | Reached XP level 5. HP: 14/42 MP: 5/5
  1382 | D:2      | Reached skill level 5 in Armour
  1825 | D:3      | Found a runed door.
  1829 | D:3      | Noticed Crazy Yiuf
  1840 | D:3      | Killed Crazy Yiuf
  1942 | D:3      | Reached skill level 5 in Long Blades
  1952 | D:3      | Reached XP level 6. HP: 35/48 MP: 6/6
  1998 | D:3      | Noticed Grinder
  2015 | D:3      | Paralysed by Grinder for 5 turns
  2211 | D:3      | Noticed Jessica
  2236 | D:3      | Paralysed by Grinder for 3 turns
  2242 | D:3      | Paralysed by Grinder for 3 turns
  2257 | D:3      | Killed Jessica
  2263 | D:3      | Paralysed by Grinder for 7 turns
  2269 | D:3      | Slain by Grinder

Vault maps used:
D:1:      minmay_arrival_up_and_down, serial_forest,
          infiniplex_forest_clump_medium, infiniplex_forest_end_3,
          infiniplex_forest_clump_tiny, infiniplex_forest_lined_room_,
          infiniplex_forest_lined_2, infiniplex_forest_lined_ring,
          minmay_misc_feat_diagonals
D:2:      first_ration
D:3:      uniq_jessica, uniq_crazy_yiuf_cottage, uniq_grinder

Skill      XL: |  1  2  3  4  5 |
---------------+----------------+-----
Fighting       | 4 |  4.1
Long Blades    | 3 4 5 |  5.5
Armour         | 4 5 |  5.3
Shields        | 4 |  4.1

Action                   |  1- 3 |  4- 6 || total
-------------------------+-------+-------++-------
Melee: Long sword        |   123 |   146 ||   269
Throw: Stone             |     4 |    23 ||    27
 Abil: Hop               |       |     1 ||     1
  Use: Potion            |     2 |     1 ||     3
       Scroll            |       |     3 ||     3
 Stab: Invisible         |       |     1 ||     1
  Eat: Chunk             |     1 |     5 ||     6
Armor: Scale mail        |    74 |    27 ||   101
       Chain mail        |       |    63 ||    63
Dodge: Dodged            |    61 |    59 ||   120
Block: Shield            |    19 |    44 ||    63
       Buckler           |    32 |    15 ||    47
       Rpst.: Long sword |    21 |    24 ||    45

Table legend:
 A = Non-vault XP
 B = Vault XP
 C = Vault XP percentage of total XP
 D = Non-vault monster count
 E = Vault monster count
 F = Vault count percentage of total count
                 A         B        C        D         E       F
            +---------+---------+-------+---------+---------+-------
      Total |     304 |      76 |  20.0 |      68 |       2 |   2.9
            +---------+---------+-------+---------+---------+-------
        D:1 |      47 |       0 |   0.0 |      17 |       0 |   0.0
        D:2 |     142 |       0 |   0.0 |      26 |       0 |   0.0
        D:3 |     115 |      76 |  39.8 |      25 |       2 |   7.4
            +---------+---------+-------+---------+---------+-------
